 Dungeon Crawl Stone Soup version 0.17.2-1-ge4368a0 (webtiles) character file.

145789 trelanon the Warrior (level 17, -19/99 HPs)
             Began as a Vine Stalker Monk on Mar 31, 2018.
             Blown up by an orb spider (46 damage)
             ... with an orb of destruction
             ... on level 4 of the Spider Nest.
             The game lasted 01:08:48 (28987 turns).

trelanon the Warrior (Vine Stalker Monk)           Turns: 28987, Time: 01:08:48

Health: -19/99     AC: 20    Str: 28    XL:     17   Next: 43%
Magic:  0/18       EV: 22    Int:  8    God:
Gold:   1960       SH: 15    Dex: 23    Spells: 0 memorised, 16 levels left

rFire  . . .     SeeInvis +       - Unarmed
rCold  + . .     Clarity  .     B - +1 ring mail of the Eternal Void {Str+6}
rNeg   . . .     SustAt   .     A - +0 shield
rPois  +         Gourm    +     F - +2 helmet {SInv}
rElec  .         Spirit   +     E - +2 cloak
rCorr  .         Warding  .     d - +2 pair of gloves
rMut   .         Stasis   .     X - +2 pair of boots {rC+}
MR     +++..                    G - amulet of Duiplimn {Gourm Str+7 Int-2}
Stlth  ++++......               S - ring of poison resistance
                                Y - ring of protection from magic

@: extremely resistant to hostile enchantments, stealthy
A: fangs 3, repulsion field 1, slimy green scales 1, camouflage 1, deformed
body, mutation resistance 1, regeneration 3, screaming 1, magic shield,
antimagic bite, no device heal 3, rot immunity
a: no special abilities


You were on level 4 of the Spider Nest.
You were not hungry.

You visited 5 branches of the dungeon, and saw 32 of its levels.
You also visited: Labyrinth, Ossuary and Ice Cave.

You collected 2899 gold pieces.
You spent 939 gold pieces at shops.

Inventory:

Armour
 d - a +2 pair of gloves (worn)
 A - a +0 shield (worn)
 B - the +1 ring mail of the Eternal Void (worn) {Str+6}
   (You found it on level 5 of the Dungeon)

   It affects your strength (+6).
 E - a +2 cloak (worn)
 F - a +2 helmet of see invisible (worn)
 X - a +2 pair of boots of cold resistance (worn)
Rods
 H - a +4 rod of destruction (14/14)
   (You found it on level 8 of the Dungeon)
Jewellery
 e - an uncursed ring of wizardry {unknown}
 w - an uncursed ring of protection from fire
 G - the amulet of Duiplimn (around neck) {Gourm Str+7 Int-2}
   (You bought it in a shop on level 4 of the Orcish Mines)

   [amulet of the gourmand]

   It allows you to eat raw meat even when not hungry.
   It affects your strength (+7).
   It affects your intelligence (-2).
 I - an uncursed ring of stealth
 M - an uncursed ring of protection from cold
 S - a ring of poison resistance (right hand)
 Y - a ring of protection from magic (left hand)
Wands
 a - a wand of cold (5)
 c - a wand of paralysis (17)
 h - a wand of disintegration (3)
 y - a wand of cold (6)
 C - a wand of magic darts (25)
 D - a wand of fire (6)
 J - a wand of fireball (6)
 L - a wand of digging (8)
 N - a wand of disintegration (18)
 Q - a wand of fireball (6)
 V - a wand of enslavement (13)
 Z - a wand of disintegration (22)
Scrolls
 f - 2 scrolls of blinking
 i - 6 scrolls of fog
 m - 10 scrolls of identify
 n - 11 scrolls of teleportation
 p - 12 scrolls of remove curse
 q - 8 scrolls of magic mapping
 r - a scroll of summoning
 t - a scroll of vulnerability
 v - 2 scrolls of enchant armour
 x - 3 scrolls of enchant weapon
 K - a scroll of fear
 O - a scroll of recharging
 P - 3 scrolls of torment
Potions
 g - 3 potions of resistance
 j - a potion of mutation {unknown}
 k - 2 potions of agility
 l - 12 potions of curing
 s - 9 potions of haste
 u - 5 potions of magic
 z - 2 potions of might
 T - 2 potions of cancellation
Comestibles
 b - 22 bread rations
 o - 9 meat rations
 R - 39 fruits (quivered)


   Skills:
 - Level 15.4 Fighting
 - Level 7.1 Armour
 - Level 9.4 Dodging
 - Level 7.2 Stealth
 + Level 14.1 Shields
 - Level 15.1 Unarmed Combat


You had 16 spell levels left.
You didn't know any spells.

Dungeon Overview and Level Annotations

Branches:
Dungeon (15/15)            Temple (0/1) D:6            Lair (8/8) D:10
  Swamp (0/4) Lair:4       Spider (4/4) Lair:3        Slime (0/6) Lair:8
    Orc (4/4) D:9             Elf (0/3) Orc:3        Vaults (0/5) D:14
 Depths (1/5) D:15

Altars:
Cheibriados
Fedhas
Gozag
Kikubaaqudgha
Nemelex Xobeh
Sif Muna
Trog
Xom
Beogh
Jiyva

Shops:
D:12 %   Orc:1 [   Orc:2 =(*   Orc:4 ?=!(*

Annotations:
D:10 Maud
Lair:8 1 runed door, exclusion: oklob plant
Spider:4 1 exclusion


Innate Abilities, Weirdness & Mutations

You have razor-sharp teeth.
You regenerate.
When hurt, damage is shared between your health and your magic reserves.
Your bite disrupts and absorbs the magic of your enemies.
Potions and wands cannot restore your health.
You are immune to rotting.
You are surrounded by a mild repulsion field (EV +2).
You are partially covered in slimy green scales (AC +2).
Your skin changes colour to match your surroundings (Stealth).
Armour fits poorly on your strangely shaped body.
You are somewhat resistant to further mutation.
You occasionally shout uncontrollably at your foes.


Message History

You drain its magic!
You feel invigorated!
The orb spider is moderately wounded!
The orb spider pulsates with a strange energy!
The orb spider spins a strand of pure energy!
You block the orb of destruction!
The orb of destruction dissipates!
You pummel the orb spider like a punching bag!!!!!!
You bite the orb spider!!!
The orb spider's magic leaks into the air!
You drain its magic!
You feel invigorated!
The orb spider is almost dead!
The orb spider weaves a glowing orb of energy! x2
The orb spider falters for a moment!
The orb spider pulsates with a strange energy!
The orb of destruction hits you!!! * * * don't die
* * * You squash the orb spider like an ant!
You annihilate the orb spider!!!
The orb of destruction hits you!!! rip Xom snickers!!!

.......^....#....†....... #!.....
.....^.........s................#
.......^.......§.................
........[............?[..........
..........##.†§s§.##.......)...<.
..#....#.##....§#.# #......#.##..
##########†....§### .^.##.......
#####.^......[.§§########........
...<#...........@^#.#............
..............#.†................
........##...#####.....#..<......
.......##...## #.....###......#
......##.....# #.#^^.^#####....
......#.....## ########^.......
.####.##^...# ##......# ##
######### ......... ........^.#


You could see 2 orb spiders.

Vanquished Creatures
  Arachne (Spider:3)
  Kirke (Lair:5)
  A fire giant (Depths:1)
  5 emperor scorpions
  2 very ugly things (D:14)
  Nessos (Lair:6)
  Azrael (D:12)
  An ettin (D:14)
  A fire dragon (D:15)
  A minotaur (Lab)
  An ogre mage (D:15)
  A great orb of eyes (D:15)
  3 entropy weavers (Spider:3)
  6 hydras
  Erolcha (Orc:2)
  A ghost crab (shapeshifter) (D:15)
  2 centaur warriors
  3 tengu warriors (D:15)
  The ghost of Tobisume the Spear-Bearer, a journeyman DsFi of Qazlal (D:11)
  9 death yaks
  3 orc high priests (Orc:4)
  2 deep elf knights (D:15)
  A hell knight (D:15)
  An ice devil (IceCv)
  Pikel (D:9)
  9 orb spiders
  25 wolf spiders
  A necromancer (D:14)
  A wolf spider zombie (D:15)
  A manticore (D:13)
  6 orc knights
  12 ugly things
  4 orc sorcerers
  5 hornets
  A griffon (Lair:3)
  A guardian serpent (shapeshifter) (D:15)
  7 elephants (Lair:8)
  A moth of wrath (Spider:4)
  A centaur skeleton (D:14)
  18 spiny frogs
  2 ice statues (IceCv)
  6 black mambas
  A torpor snail (Lair:7)
  A gargoyle (D:9)
  The ghost of Tobisume the Cleaver, a novice DsGl (D:5)
  3 fire drakes
  7 blue devils (IceCv)
  A queen bee (Lair:5)
  31 jumping spiders
  9 komodo dragons
  2 trolls
  6 two-headed ogres
  13 demonic crawlers
  5 polar bears
  2 giant leeches (Lair:8)
  6 slime creatures (D:13)
  Prince Ribbit (D:7)
  3 boulder beetles
  8 trapdoor spiders
  13 blink frogs
  69 yaks
  A human (D:7)
  A redback (shapeshifter) (D:15)
  41 redbacks
  15 tarantellas
  3 wyverns
  3 basilisks
  A shadow (D:13)
  3 deep elf magi
  3 fire elementals (D:12)
  6 hippogriffs
  3 hogs
  The ghost of Tobisume the Poker, an amateur DsGl (Ossuary)
  6 wolves (Lair:1)
  A hungry ghost (D:12)
  7 vampire mosquitoes
  20 orc warriors
  2 wargs
  A mottled dragon (D:13)
  11 porcupines
  Duvessa (D:7)
  A swamp drake (Orc:2)
  2 phantoms
  3 hell hounds (D:12)
  3 black bears (Lair:2)
  15 water moccasins
  18 spiders
  4 sky beasts
  3 wasps
  An eye of draining (D:14)
  4 ice beasts
  A necrophage (D:8)
  16 ogres
  25 centaurs
  11 crocodiles
  A big kobold (D:11)
  3 elf zombies (Ossuary)
  30 giant frogs
  A wyvern zombie (D:7)
  2 scorpions
  4 wights (D:7)
  A wyvern skeleton (D:9)
  Dowan (D:7)
  20 killer bees
  4 electric eels (Lair:8)
  7 crimson imps
  2 jellies
  2 quasits
  2 centaur zombies
  8 iguanas
  18 orc priests
  5 human zombies (Ossuary)
  An iron imp (Orc:2)
  35 orc wizards
  3 hounds
  9 worker ants
  36 sheep
  A big kobold zombie (Ossuary)
  A hound zombie (D:5)
  A hound skeleton (D:5)
  2 mummies (Ossuary)
  A worker ant zombie (D:5)
  60 river rats
  15 adders
  8 gnolls
  6 shadow imps
  8 white imps (IceCv)
  7 ufetubi (IceCv)
  An adder zombie (D:5)
  4 worms
  188 orcs
  9 bats
  6 giant cockroaches
  3 goblins
  5 hobgoblins
  9 jackals
  11 kobolds
  5 quokkas
  A ball python (D:2)
  7 giant geckos
  A giant gecko skeleton (D:7)
  A giant gecko zombie (D:8)
  3 giant newts
  9 hobgoblin zombies (Ossuary)
  A jackal skeleton (D:8)
  2 jackal zombies
  7 kobold zombies (Ossuary)
  10 orc zombies (Ossuary)
  A quokka skeleton (D:6)
  9 rats
  A rat zombie (Ossuary)
  2 fungi
1172 creatures vanquished.

Vanquished Creatures (collateral kills)
  A hog (Lair:5)
1 creature vanquished.

Vanquished Creatures (others)
  A griffon (Lair:8)
  2 jumping spiders
  A blink frog (Lair:8)
  A water moccasin (Lair:7)
  2 orc wizards
  A river rat (Lair:7)
  2 white imps
  An ufetubus (IceCv)
  3 bushes
  27 fungi
  23 plants
64 creatures vanquished.

Grand Total: 1237 creatures vanquished

Notes
Turn   | Place    | Note
--------------------------------------------------------------
     0 | D:1      | trelanon the Vine Stalker Monk began the quest for the Orb.
     0 | D:1      | Reached XP level 1. HP: 11/11 MP: 2/2
   124 | D:1      | Reached XP level 2. HP: 14/16 MP: 1/3
   713 | D:2      | Reached skill level 5 in Unarmed Combat
   713 | D:2      | Reached XP level 3. HP: 17/19 MP: 4/4
  1097 | D:2      | Reached XP level 4. HP: 19/23 MP: 5/5
  1341 | D:3      | Reached skill level 6 in Unarmed Combat
  1375 | D:3      | Reached XP level 5. HP: 28/28 MP: 6/6
  1788 | D:4      | Found a sand-covered staircase.
  1793 | Ossuary  | Entered an ossuary
  1844 | Ossuary  | Noticed Tobisume's ghost (amateur DsGl)
  2068 | Ossuary  | Killed Tobisume's ghost
  2068 | Ossuary  | Gained mutation: You heal very quickly. [Vine Stalker growth]
  2068 | Ossuary  | Reached XP level 6. HP: 9/34 MP: 2/7
  2273 | Ossuary  | Reached skill level 5 in Fighting
  2390 | Ossuary  | Reached XP level 7. HP: 31/39 MP: 8/8
  2427 | Ossuary  | Reached skill level 7 in Unarmed Combat
  2779 | D:4      | Reached skill level 8 in Unarmed Combat
  3057 | D:4      | Gained mutation: You have razor-sharp teeth. [Vine Stalker growth]
  3057 | D:4      | Reached XP level 8. HP: 30/43 MP: 9/9
  3223 | D:4      | Found a sparkling altar of Nemelex Xobeh.
  3410 | D:5      | Entered Level 5 of the Dungeon
  3426 | D:5      | Noticed Tobisume's ghost (novice DsGl)
  3679 | D:5      | Reached skill level 1 in Armour
  3833 | D:5      | HP: 1/43 [Tobisume's ghost (8)]
  4077 | D:5      | Killed Tobisume's ghost
  4293 | D:5      | Reached skill level 5 in Armour
  4293 | D:5      | Reached XP level 9. HP: 47/47 MP: 10/10
  4312 | D:5      | Got a pitted ring mail
  4323 | D:5      | Identified the cursed +1 ring mail of the Eternal Void {Str+6} (You found it on level 5 of the Dungeon)
  4593 | D:6      | Reached skill level 5 in Dodging
  4982 | D:6      | Found a staircase to the Ecumenical Temple.
  5134 | D:6      | Reached skill level 9 in Unarmed Combat
  5212 | D:6      | Found a blossoming altar of Fedhas.
  5623 | D:7      | Noticed Duvessa
  5624 | D:7      | Noticed Dowan
  5626 | D:7      | Killed Dowan
  5637 | D:7      | Noticed Prince Ribbit
  5637 | D:7      | Killed Duvessa
  5637 | D:7      | Reached XP level 10. HP: 15/51 MP: 7/11
  5700 | D:7      | Killed Prince Ribbit
  5700 | D:7      | Reached skill level 10 in Unarmed Combat
  6275 | D:7      | Gained mutation: Your body sometimes deteriorates upon taking damage. [mutagenic meat]
  6692 | D:8      | Gained mutation: Your skin changes colour to match your surroundings (Stealth). [mutagenic meat]
  6697 | D:8      | Gained mutation: You are partially covered in slimy green scales (AC +2). [mutagenic meat]
  6701 | D:8      | Gained mutation: You are frail (-10% HP). [mutagenic meat]
  7371 | D:9      | Reached XP level 11. HP: 55/55 MP: 12/12
  7504 | D:9      | Found a staircase to the Orcish Mines.
  7577 | D:9      | Noticed Pikel
  7609 | D:9      | Killed Pikel
  7813 | D:9      | Got a scorched turquoise ring
  7815 | D:9      | Identified the ring of Xelaggie {*Confuse rN+ AC+4 Str-5 Int+6} (You found it on level 9 of the Dungeon)
  8156 | D:9      | Noticed a moth of wrath
  8159 | D:9      | Found a bloodstained altar of Trog.
  8213 | D:10     | Entered Level 10 of the Dungeon
  8439 | D:10     | Noticed Maud
  8442 | D:10     | Found a staircase to the Lair.
  8608 | D:10     | Reached skill level 5 in Stealth
  8886 | D:10     | Found a deep blue altar of Sif Muna.
  8897 | D:10     | Got a smoking war axe
  9048 | D:11     | Noticed a seven-headed hydra
  9072 | Lair:1   | Entered Level 1 of the Lair of Beasts
  9531 | Lair:1   | Reached skill level 10 in Fighting
  9584 | Lair:1   | Gained mutation: You regenerate. [Vine Stalker growth]
  9584 | Lair:1   | Reached XP level 12. HP: 40/60 MP: 13/13
  9809 | Lair:1   | Reached skill level 11 in Unarmed Combat
 10591 | Lair:2   | Reached skill level 12 in Unarmed Combat
 11137 | Lair:3   | Found an ancient bone altar of Kikubaaqudgha.
 11206 | Lair:3   | Found a hole to the Spider Nest.
 11432 | Lair:3   | Found a frozen archway.
 11439 | IceCv    | Entered an ice cave
 11492 | IceCv    | Reached skill level 13 in Unarmed Combat
 11918 | IceCv    | Got an iridescent demon blade
 11923 | IceCv    | Identified the +5 demon blade of the Jolly Blessings {pain, rC+} (You found it in an ice cave)
 12024 | Lair:3   | Reached XP level 13. HP: 64/64 MP: 14/14
 12602 | Lair:4   | Reached skill level 14 in Unarmed Combat
 12717 | Lair:4   | Found a staircase to the Swamp.
 12767 | Lair:4   | Identified the +8 war axe "Qoeteyt" {vamp, rElec rPois rF+ SInv} (You found it on level 10 of the Dungeon)
 12886 | Lair:4   | Found a shimmering altar of Xom.
 13432 | Lair:4   | Became a worshipper of Xom of Chaos
 13479 | Lair:5   | XOM: potion effect (berserk rage)
 13550 | Lair:5   | XOM: enchant monster (good)
 13619 | Lair:5   | Noticed Kirke
 13627 | Lair:5   | Noticed a sphinx
 13633 | Lair:5   | XOM: summons 9 friendly demons
 13643 | Lair:5   | Killed Kirke
 13734 | Lair:5   | XOM: polymorph yak -> queen bee
 13735 | Lair:5   | XOM: fake destruction
 13792 | Lair:5   | XOM: 1-stop teleportation journey
 13961 | Lair:5   | XOM: noise
 14266 | Lair:5   | XOM: mild Erth miscast
 14269 | Lair:5   | XOM: confusion
 14271 | Lair:5   | XOM: chaos cloud
 14455 | Lair:6   | Found a labyrinth entrance.
 14462 | Lab      | Entered a labyrinth
 14630 | Lab      | Noticed a minotaur
 14652 | Lab      | XOM: 1-stop teleportation journey
 14674 | Lab      | XOM: give mutations
 14674 | Lab      | Lost mutation: Your body sometimes deteriorates upon taking damage. [Xom's mischief]
 14674 | Lab      | Lost mutation: You are frail (-10% HP). [Xom's mischief]
 14674 | Lab      | Gained mutation: Your body sometimes deteriorates upon taking damage. [Xom's mischief]
 15134 | Lab      | XOM: severe Tloc miscast
 15171 | Lab      | XOM: cast spell 'Discord'
 15176 | Lab      | XOM: harmless Pois miscast
 15191 | Lab      | XOM: harmless Air miscast
 15197 | Lab      | XOM: divination: detect creatures
 15198 | Lab      | XOM: noise
 15208 | Lab      | XOM: cast spell 'Dispersal'
 15217 | Lab      | XOM: harmless Tloc miscast
 15218 | Lab      | XOM: potion effect (agility)
 15265 | Lab      | XOM: cast spell 'Discord'
 15272 | Lab      | Killed a minotaur
 15272 | Lab      | Reached skill level 1 in Shields
 15289 | Lab      | Identified the Disquisition on Talismans
 15293 | Lab      | Identified the Reference Book on Curses
 15313 | Lab      | Identified the Reference Book on Translocation
 15316 | Lair:6   | XOM: 2-stop teleportation journey
 15351 | Lair:6   | XOM: silly message
 15601 | Lair:6   | Noticed Nessos
 15613 | Lair:6   | Killed Nessos
 15741 | Lair:6   | XOM: harmless Air miscast
 15780 | Lair:6   | Found an opulent altar of Gozag.
 15814 | Lair:6   | XOM: divination: detect creatures
 15954 | Lair:6   | XOM: divination: detect creatures
 16023 | Lair:6   | XOM: mild Ice miscast
 16170 | Lair:7   | Reached skill level 5 in Shields
 16252 | Lair:7   | XOM: harmless Pois miscast
 16254 | Lair:7   | XOM: harmless Conj miscast
 16262 | Lair:7   | XOM: potion effect (might)
 16271 | Lair:7   | XOM: enchant monster (bad)
 16285 | Lair:6   | XOM: divination: detect creatures
 16362 | Lair:6   | XOM: enchant monster (bad)
 16398 | Lair:6   | XOM: cast spell 'Summon Small Mammal'
 16416 | Lair:6   | Reached XP level 14. HP: 50/77 MP: 15/15
 16562 | Lair:7   | XOM: mild Ice miscast
 16574 | Lair:7   | XOM: enchant monster (bad)
 16709 | Lair:7   | XOM: silly message
 16768 | Lair:7   | XOM: 1-stop teleportation journey
 16853 | Lair:7   | XOM: vitrification
 16855 | Lair:7   | XOM: give mutations
 16855 | Lair:7   | Gained mutation: You have sharp toenails. [Xom's mischief]
 16855 | Lair:7   | Gained mutation: You are partially covered in thin metallic scales (AC +2). [Xom's mischief]
 16859 | Lair:7   | XOM: summons 2 friendly demons
 16865 | Lair:7   | XOM: harmless Erth miscast
 16905 | Lair:7   | XOM: summons 7 hostile demons
 17011 | Lair:7   | XOM: mild Chrm miscast
 17194 | Lair:8   | Entered Level 8 of the Lair of Beasts
 17198 | Lair:8   | XOM: fog
 17200 | Lair:8   | XOM: 1-stop teleportation journey
 17215 | Lair:8   | XOM: fog
 17217 | Lair:8   | XOM: enchant monster (bad)
 17238 | Lair:8   | XOM: silly message
 17259 | Lair:8   | XOM: confusion (+ monsters)
 17260 | Lair:8   | XOM: fog
 17272 | Lair:8   | XOM: give mutations
 17272 | Lair:8   | Gained mutation: You have sharp fingernails. [Xom's grace]
 17272 | Lair:8   | Gained mutation: You are somewhat resistant to further mutation. [Xom's grace]
 17272 | Lair:8   | Gained mutation: You are agile. (Dex +2) [Xom's grace]
 17274 | Lair:8   | XOM: confusion (+ monsters)
 17288 | Lair:8   | XOM: divination: magic mapping
 17314 | Lair:8   | XOM: fake destruction
 17367 | Lair:8   | XOM: enchant monster (good)
 17373 | Lair:8   | XOM: chaos cloud
 17384 | Lair:8   | XOM: vitrification
 17393 | Lair:8   | XOM: blink monster(s)
 17397 | Lair:8   | XOM: mild Erth miscast
 17477 | Lair:8   | XOM: potion effect (haste)
 17537 | Lair:8   | XOM: enchant monster (bad)
 17540 | Lair:8   | XOM: mild Tloc miscast
 17552 | Lair:8   | XOM: blink monster(s)
 17566 | Lair:8   | XOM: medium Hex miscast
 17649 | Lair:8   | Reached skill level 10 in Shields
 17666 | Lair:8   | XOM: stat loss: -1 Int (9/10)
 17676 | Lair:8   | XOM: enchant monster (bad)
 17760 | Lair:8   | XOM: cast spell 'Metabolic Englaciation'
 17765 | Lair:8   | XOM: mild Divn miscast
 17779 | Lair:8   | XOM: blink monster(s)
 17784 | Lair:8   | XOM: summons friendly white imp
 17808 | Lair:8   | XOM: confusion (+ monsters)
 17864 | Lair:8   | XOM: harmless Air miscast
 17913 | Lair:8   | XOM: medium Hex miscast
 17967 | Lair:8   | XOM: harmless Air miscast
 18021 | Lair:8   | XOM: destruction
 18054 | Lair:8   | XOM: enchant monster (bad)
 18077 | Lair:8   | XOM: smoke on damage
 18098 | Lair:8   | XOM: god gift: 16 gold pieces
 18124 | Lair:8   | XOM: confuse monster(s)
 18170 | Lair:8   | XOM: vitrification
 18262 | Lair:8   | Fell from the grace of Xom
 18328 | Lair:8   | Found a runed door.
 18329 | Lair:8   | Found a viscous altar of Jiyva.
 18329 | Lair:8   | Noticed an acid blob
 18330 | Lair:8   | Found a staircase to the Slime Pits.
 18330 | Lair:8   | Noticed an acid blob
 18330 | Lair:8   | Noticed an acid blob
 18793 | Orc:1    | Entered Level 1 of the Orcish Mines
 18813 | Orc:1    | Found Ytileume's Armour Shoppe.
 19360 | Orc:2    | Noticed Erolcha
 19373 | Orc:2    | Killed Erolcha
 19398 | Orc:2    | Identified a +0 rod of destruction (12/12) (You found it on level 8 of the Dungeon)
 19570 | Orc:2    | Found Aghexar's Jewellery Shop.
 19573 | Orc:2    | Found Ruetziwn's Antique Weapon Shoppe.
 19597 | Orc:2    | Found Loczenuwn's Assorted Antiques.
 19897 | Orc:3    | XOM: noise
 20189 | Orc:3    | Found a staircase to the Elven Halls.
 20238 | Orc:4    | Entered Level 4 of the Orcish Mines
 20320 | Orc:4    | Reached XP level 15. HP: 70/84 MP: 16/16
 20433 | Orc:4    | Found Quydeitu's Magic Scroll Boutique.
 20478 | Orc:4    | Bought a scroll of summoning for 142 gold pieces
 20478 | Orc:4    | Bought a scroll of teleportation for 45 gold pieces
 20841 | Orc:4    | XOM: summons 5 hostile shadow creatures
 21001 | Orc:4    | XOM: chaos cloud
 21051 | Orc:4    | HP: 4/85 [orc high priest/divine providence (10)]
 21251 | Orc:4    | Found Gocyvo's Assorted Antiques.
 21251 | Orc:4    | Found Qoliqui's Weapon Emporium.
 21253 | Orc:4    | Found Titila's Distillery.
 21253 | Orc:4    | Found Guesukeuly's Jewellery Emporium.
 21266 | Orc:4    | Bought a scroll labeled LYJOCV SYUS for 27 gold pieces
 21269 | Orc:4    | Bought a potion of might for 60 gold pieces
 21274 | Orc:4    | Bought the amulet of Duiplimn {Gourm Str+7 Int-2} for 665 gold pieces
 21524 | D:11     | Noticed Tobisume's ghost (journeyman DsFi)
 21538 | D:11     | Killed Tobisume's ghost
 21646 | D:11     | XOM: give mutations
 21646 | D:11     | Lost mutation: You have sharp toenails. [Xom's mischief]
 21646 | D:11     | Lost mutation: You are agile. (Dex +2) [Xom's mischief]
 21646 | D:11     | Lost mutation: Your body sometimes deteriorates upon taking damage. [Xom's mischief]
 21646 | D:11     | Gained mutation: You occasionally shout uncontrollably at your foes. [Xom's mischief]
 22319 | D:12     | XOM: confusion (+ monsters)
 22375 | D:12     | Noticed Azrael
 22409 | D:12     | Killed Azrael
 22593 | D:12     | XOM: draining
 22620 | D:12     | Found Sogyutos's Food Emporium.
 23099 | D:13     | XOM: mild Erth miscast
 23154 | D:13     | Found an ancient bone altar of Kikubaaqudgha.
 23710 | D:14     | Found a gate to the Vaults.
 24085 | D:14     | You fall through a shaft!
 24085 | D:15     | Entered Level 15 of the Dungeon
 24110 | D:15     | Found a snail-covered altar of Cheibriados.
 24651 | D:15     | Found a staircase to the Depths.
 24686 | D:15     | Reached XP level 16. HP: 87/93 MP: 17/17
 24695 | D:15     | XOM: chaos upgrade
 24703 | D:15     | Reached skill level 15 in Unarmed Combat
 24807 | D:15     | XOM: draining
 24834 | Depths:1 | Entered Level 1 of the Depths
 25107 | D:14     | Gained mutation: You are surrounded by a mild repulsion field (EV +2). [mutagenic meat]
 25124 | D:15     | XOM: medium Tloc miscast
 25471 | Spider:1 | Entered Level 1 of the Spider Nest
 25547 | Spider:1 | XOM: 7-stop teleportation journey
 25627 | Spider:1 | Reached skill level 15 in Fighting
 25674 | Spider:1 | XOM: give mutations
 25674 | Spider:1 | Lost mutation: You have sharp fingernails. [Xom's mischief]
 25674 | Spider:1 | Gained mutation: Armour fits poorly on your strangely shaped body. [Xom's mischief]
 25674 | Spider:1 | Lost mutation: You are partially covered in thin metallic scales (AC +2). [Xom's mischief]
 26226 | Spider:1 | Found a roughly hewn altar of Beogh.
 26345 | Spider:2 | XOM: summons 2 hostile demons
 26932 | Spider:2 | XOM: confusion (+ monsters)
 27220 | Spider:3 | Noticed Arachne
 27236 | Spider:3 | Killed Arachne
 27415 | Spider:3 | XOM: summons 4 hostile demons
 27581 | Spider:3 | Reached XP level 17. HP: 50/99 MP: 15/18
 28211 | Spider:3 | XOM: severe Hex miscast
 28417 | Spider:4 | Entered Level 4 of the Spider Nest
 28659 | Spider:4 | XOM: confusion (+ monsters)
 28721 | Spider:4 | XOM: swap monsters
 28772 | Spider:4 | XOM: 1-stop teleportation journey
 28987 | Spider:4 | Blown up by an orb spider

Action                   |  1- 3 |  4- 6 |  7- 9 | 10-12 | 13-15 | 16-18 || total
-------------------------+-------+-------+-------+-------+-------+-------++-------
Melee: Unarmed           |    81 |   234 |   406 |  1042 |  1729 |   790 ||  4282
Invok: Renounce Religion |       |       |       |       |     1 |       ||     1
Evoke: Wand              |       |       |       |       |    11 |     5 ||    16
  Use: Scroll            |       |     4 |       |     7 |    19 |     3 ||    33
       Potion            |       |       |       |     2 |       |     3 ||     5
 Stab: Sleeping          |     5 |     4 |     6 |    25 |    43 |     7 ||    90
       Distracted        |       |       |       |     5 |     8 |     3 ||    16
       Invisible         |       |       |       |       |     6 |       ||     6
       Paralysed         |       |       |       |       |     1 |       ||     1
       Confused          |       |       |       |       |     2 |     3 ||     5
       Petrifying        |       |       |       |       |     2 |       ||     2
       Betrayed ally     |       |       |       |       |     1 |       ||     1
  Eat: Chunk             |       |     3 |     8 |    23 |    30 |     8 ||    72
       Bread ration      |       |       |     1 |       |       |       ||     1
       Pizza             |       |       |       |     6 |     4 |       ||    10
       Fruit             |       |       |       |     1 |     4 |       ||     5
       Beef jerky        |       |       |       |       |     4 |     2 ||     6
       Royal jelly       |       |       |       |       |     2 |       ||     2
       Meat ration       |       |       |       |       |     1 |     1 ||     2
